 Dungeon Crawl Stone Soup version 0.30-a0-857-gcaf70739d4 (webtiles) character file.

Game seed: 2289021101698534885

8763 ragingrage the Carver (level 11, 0/76 HPs)
             Began as a Demonspawn Delver on Mar 6, 2023.
             Was a Believer of Uskayaw.
             Slain by a freezing wraith (14 damage)
             ... on level 9 of the Dungeon.
             The game lasted 00:13:00 (10095 turns).

ragingrage the Carver (Demonspawn Delver)          Turns: 10095, Time: 00:13:00

Health: 0/76       AC: 13    Str: 12    XL:     11   Next: 14%
Magic:  18/18      EV:  6    Int: 12    God:    Uskayaw [**....]
Gold:   459        SH:  4    Dex: 25    Spells: 10/10 levels left

rFire   . . .      SeeInvis +    a - +2 scimitar
rCold   . . .      Faith    .    (no shield)
rNeg    . . .      Spirit   .    J - +1 chain mail {rPois}
rPois   +          Reflect  .    z - +0 helmet
rElec   .          Rampage  .    (cloak unavailable)
rCorr   .                        I - +0 pair of gloves
Will    .....                    (no boots) Stlth
                                 L - amulet of magic regeneration
HPRegen 0.32/turn                q - ring of see invisible
MPRegen 0.56/turn                p - +6 ring of dexterity

@: about to teleport, slowed, very slow
A: powered by death 2, sharp scales 2, condensation shield, weakness stinger 3
a: Renounce Religion, Stomp, Line Pass


You were on level 9 of the Dungeon.
You worshipped Uskayaw.
Uskayaw was aware of your devotion.
You visited 1 branch of the dungeon, and saw 9 of its levels.
You also visited: Bailey.

You collected 459 gold pieces.

Inventory:

Hand Weapons
 a - a +2 scimitar (weapon)
 b - a +4 shortbow of draining
 i - a +0 dagger of electrocution
Missiles
 l - a curare-tipped dart
 t - 4 datura-tipped darts
 C - 14 poisoned darts (quivered)
Armour
 z - a +0 helmet (worn)
 I - a +0 pair of gloves (worn)
 J - a +1 chain mail of poison resistance (worn)
Jewellery
 p - a +6 ring of dexterity (right hand)
 q - a ring of see invisible (left hand)
 F - a ring of poison resistance
 L - an amulet of magic regeneration (around neck)
Wands
 g - a wand of digging (3)
 k - a wand of flame (11)
 o - a wand of mindburst (6)
Scrolls
 c - 3 scrolls of fog
 d - 2 scrolls of magic mapping
 e - 5 scrolls of fear
 h - 3 scrolls of enchant armour
 j - 2 scrolls of enchant weapon
 r - 6 scrolls of teleportation
 s - a scroll of immolation
 w - 2 scrolls of amnesia {unknown}
 B - a scroll of summoning
 D - a scroll of vulnerability
 H - a scroll of poison
Potions
 f - 2 potions of haste
 m - a potion of curing
 n - a potion of heal wounds
 u - 3 potions of magic
 v - a potion of brilliance
 x - a potion of flight
 A - a potion of resistance
 E - a potion of attraction
 G - a potion of might
 M - a potion of lignification {unknown}


   Skills:
 + Level 3.6 Fighting
 - Level 14.0 Long Blades
 + Level 2.5 Dodging
 - Level 5.0 Stealth
 + Level 9.3 Invocations
 + Level 1.7 Evocations


You had 10 spell levels left.
You didn't know any spells.
Your spell library contained the following spells:

 Spells                   Type           Power      Damage    Failure   Level
 Sublimation of Blood     Necr           0%         N/A       100%        2
 Wereblood                Tmut           0%         N/A       100%        2
 Tukima's Dance           Hex            0%         N/A       100%        3
 Passage of Golubria      Tloc           0%         N/A       100%        4
 Yara's Violent Unravell  Hex/Tmut       0%         3d3       100%        5
 Summon Hydra             Summ           0%         N/A       100%        7


Dungeon Overview and Level Annotations

Branches:
Dungeon (9/15)             Temple (0/1) D:6             Orc (0/2) D:9
 Bailey (visited)
   Lair: D:8-11

Altars:
Dithmenos
Hepliaklqana
Kikubaaqudgha
Makhleb
Qazlal
Uskayaw
Vehumet
Wu Jian
Xom

Shops:
D:2 (

Annotations:
D:2 1 runed translucent door, Crazy Yiuf
D:3 exclusion: downstairs
D:4 exclusion: scorpion, Edmund
D:9 3 runed translucent doors, soul19's ghost, journeyman TrFi


Innate Abilities, Weirdness & Mutations

You regenerate health from kills.
You are mostly covered in razor-sharp scales. (AC +2, Slay +2)
A meltable shield of frost defends you. (SH +4)
You have a sharp stinger which inflicts weakening toxins.


Message History

An orc warrior is nearby!
You can no longer pass through a line of other dancers.
The orc warrior hits you but does no damage.
You closely miss the orc warrior. You slash the orc warrior!
You tail-slap the orc warrior.
The orc warrior looks weaker.
You block the orc warrior's attack.
You hit the orc warrior. You tail-slap the orc warrior.
The orc warrior hits you but does no damage.
You can now pass through a line of other dancers.
You slash the orc warrior!
You kill the orc warrior!
Things that are here:
a +0 glaive; a +0 plate armour A tengu warrior and a freezing wraith come into view.
The tengu warrior shouts!
A manticore comes into view.
You start waiting.
A freezing wraith is nearby!
You hit the freezing wraith but do no damage.
You hit the freezing wraith but do no damage.
The freezing wraith hits you. The freezing wraith freezes you!!
The freezing wraith hits you.
You slash the freezing wraith!
The freezing wraith hits you but does no damage. x2
You hit the freezing wraith.
You punch the freezing wraith, but do no damage.
You hit the freezing wraith. Your punch misses the freezing wraith.
The freezing wraith hits you! The freezing wraith freezes you!!
The freezing wraith hits you!
* * * LOW HITPOINT WARNING * * *
The freezing wraith drains your vigour!
You feel yourself slow down.
You slice the freezing wraith!! The freezing wraith barely misses you.
The freezing wraith hits you but does no damage.
You can now pass through a line of other dancers.
As you read the scroll of teleportation, it crumbles to dust.
You feel strangely unstable. The freezing wraith hits you.
* * * LOW HITPOINT WARNING * * *
The freezing wraith freezes you!
You die...

#..........#####..#.#.##........
#.###....##)##..#.#.#.##..#.#...
#.#.#..#####..#.#.#.#.##..#.#...
#.##.####..###..#.#.#.##..#.....
##..#####.#..####..#.#.##..###...
#.####..#.#.#.#####..#.##..# #...
#.###.#.#.#.##.## ###..##..# #...
##..#.#.#.#)###.## #####.)###...
###.##†#.#.# ##@########.......#
####.#†#.# ##W.....##...).###
##.##.# ##.########......##
####.###.## ###..).#######
####.#####...#.## #.##
#....#.)######## #W...W##
.......))))..... H)..###
..>.....#####... .Q
.......##.KW##..


You could see a freezing wraith.

Vanquished Creatures
  3 two-headed ogres
  A wizard (D:9)
  A deep elf pyromancer (D:9)
  A spriggan (Bailey)
  12 yaks
  2 steam dragons
  4 water moccasins
  2 black bears
  A sky beast (D:6)
  2 ice beasts
  3 orc warriors (D:9)
  4 ogres (Bailey)
  5 centaurs
  A phantom (D:5)
  A kobold brigand (D:9)
  6 bullfrogs
  2 scorpions (D:5)
  5 wights
  4 killer bees
  3 howler monkeys (D:7)
  3 jellies (D:6)
  A gnoll bouda (D:7)
  3 hounds
  5 iguanas
  11 orc wizards
  8 gnolls
  10 adders
  A shadow imp (D:7)
  An ufetubus (D:4)
  A worm (D:2)
  2 dart slugs
  46 orcs
  6 ball pythons
  9 endoplasms
  5 giant cockroaches
  3 hobgoblins
  6 jackals
  5 kobolds
  5 quokkas
  2 bats
  4 frilled lizards
  9 goblins
  10 rats
219 creatures vanquished.

Vanquished Creatures (others)
  13 plants (D:6)
13 creatures vanquished.

Grand Total: 232 creatures vanquished

Notes
Turn   | Place    | Note
-------+----------+-------------------------------------------
     0 | D:5      | ragingrage the Demonspawn Delver began the quest for the
                  | Orb.
     0 | D:5      | Reached XP level 1. HP: 18/18 MP: 1/1
    68 | D:4      | Noticed a scorpion
   127 | D:2      | Reached skill level 2 in Long Blades
   345 | D:1      | Gained mutation: You have a small tail. [demonic ancestry]
   345 | D:1      | Reached XP level 2. HP: 24/24 MP: 2/2
   402 | D:1      | Found a faded altar of an unknown god.
   669 | D:1      | Reached skill level 3 in Long Blades
  1032 | D:2      | Gained mutation: A meltable shield of frost defends you.
                  | (SH +4) [demonic ancestry]
  1032 | D:2      | Reached XP level 3. HP: 29/29 MP: 3/3
  1223 | D:2      | Found a shimmering altar of Xom.
  1480 | D:2      | Reached skill level 4 in Long Blades
  1480 | D:2      | Reached XP level 4. HP: 27/35 MP: 4/4
  1557 | D:2      | Found Qiagoih's Weapon Emporium.
  1866 | D:2      | Found a runed translucent door.
  1867 | D:2      | Noticed Crazy Yiuf
  2317 | D:3      | Gained mutation: You have a tail ending in a sharp stinger.
                  | [demonic ancestry]
  2317 | D:3      | Reached XP level 5. HP: 37/41 MP: 5/5
  2401 | D:3      | Reached skill level 5 in Long Blades
  2677 | D:3      | Found a hide-covered altar of Uskayaw.
  2965 | D:3      | Became a worshipper of Uskayaw the Reveller
  3034 | D:4      | Noticed a black bear
  3036 | D:4      | Reached * piety under Uskayaw
  3037 | D:4      | Reached ** piety under Uskayaw
  3038 | D:4      | Killed a black bear
  3039 | D:4      | Gained mutation: You have a sharp stinger which inflicts
                  | weakening toxins. [demonic ancestry]
  3039 | D:4      | Reached XP level 6. HP: 47/47 MP: 6/6
  3053 | D:4      | Reached skill level 6 in Long Blades
  3171 | D:4      | Noticed Edmund
  3979 | D:5      | Reached skill level 7 in Long Blades
  3979 | D:5      | Gained mutation: You regenerate a little health from kills.
                  | [demonic ancestry]
  3979 | D:5      | Reached XP level 7. HP: 44/52 MP: 7/7
  4247 | D:5      | Reached *** piety under Uskayaw
  4252 | D:5      | Reached **** piety under Uskayaw
  4253 | D:5      | Reached skill level 8 in Long Blades
  5022 | D:6      | Reached skill level 1 in Invocations
  5064 | D:6      | Gained mutation: You regenerate health from kills. [demonic
                  | ancestry]
  5064 | D:6      | Reached XP level 8. HP: 27/58 MP: 2/9
  5649 | D:6      | Found a staircase to the Ecumenical Temple.
  5989 | D:6      | Found an ancient bone altar of Kikubaaqudgha.
  5992 | D:6      | Found a burning altar of Makhleb.
  6396 | D:6      | Found a faded altar of an unknown god.
  6396 | D:6      | Found a hazy altar of Hepliaklqana.
  6396 | D:6      | Found a faded altar of an unknown god.
  6454 | D:7      | Reached skill level 9 in Long Blades
  6454 | D:7      | Reached skill level 5 in Invocations
  7057 | D:7      | Gained mutation: You are partially covered in razor-sharp
                  | scales. (AC +1, Slay +1) [demonic ancestry]
  7057 | D:7      | Reached XP level 9. HP: 60/61 MP: 14/14
  7334 | D:7      | Reached ***** piety under Uskayaw
  7335 | D:7      | Reached skill level 10 in Long Blades
  7566 | D:8      | Found a shadowy altar of Dithmenos.
  7566 | D:8      | Found an ornate altar of the Wu Jian Council.
  7568 | D:8      | Found a stormy altar of Qazlal.
  7867 | D:8      | Found a flagged portal.
  7884 | Bailey   | Entered a bailey
  7926 | Bailey   | Reached skill level 11 in Long Blades
  8136 | Bailey   | Noticed a two-headed ogre
  8168 | Bailey   | Killed a two-headed ogre
  8169 | Bailey   | Reached XP level 10. HP: 49/70 MP: 16/16
  8505 | Bailey   | Reached skill level 12 in Long Blades
  8770 | D:8      | Noticed a two-headed ogre
  8778 | D:8      | Killed a two-headed ogre
  8930 | D:8      | Found a radiant altar of Vehumet.
  9279 | D:8      | Reached skill level 13 in Long Blades
  9429 | D:9      | Found a runed translucent gate.
  9431 | D:9      | Noticed soul19's ghost (journeyman TrFi)
  9432 | D:9      | Found a runed translucent gate.
  9433 | D:9      | Found a runed translucent gate.
  9606 | D:9      | Found a staircase to the Orcish Mines.
  9913 | D:9      | Noticed a two-headed ogre
  9922 | D:9      | Killed a two-headed ogre
  9923 | D:9      | Reached skill level 14 in Long Blades
  9979 | D:9      | Noticed a wizard
  9979 | D:9      | Noticed a deep elf pyromancer
  9994 | D:9      | Killed a deep elf pyromancer
  9996 | D:9      | Killed a wizard
  9997 | D:9      | Reached skill level 1 in Evocations
  9997 | D:9      | Gained mutation: You are mostly covered in razor-sharp
                  | scales. (AC +2, Slay +2) [demonic ancestry]
  9997 | D:9      | Reached XP level 11. HP: 75/75 MP: 17/17
 10049 | D:9      | Reached skill level 5 in Stealth
 10079 | D:9      | Noticed a tengu warrior
 10095 | D:9      | Slain by a freezing wraith

Illustrated notes

Levels and vault maps discovered:
D:1:      reono_arrival_mine, layout_basic, hellmonk_ecumenical_altar_run_dry
D:2:      layout_loops_ring, basic_altar, serial_shops,
          nicolae_shop_hallway_stairs, uniq_crazy_yiuf_cottage
D:3:      layout_loops_ring, mainiacjoe_overflow_tiny_flanked
D:4:      layout_basic, minmay_door_square, moated_statue, uniq_edmund
D:5:      layout_cave_pools, serial_co_window_serial,
          co_window_of_opportunity_a, co_window_of_opportunity_a,
          co_window_of_opportunity_a, co_window_of_opportunity_a,
          co_window_corner_a, co_window_paths_b, co_window_corner_ca,
          co_window_cross_3, co_window_corner_cb, co_window_paths_e,
          co_window_sun
D:6:      layout_basic, minitemple, nicolae_hepliaklqana_ecumenical_no_more,
          minmay_temple_entry_overgrown, nicolae_figureground_pulse
D:7:      layout_rooms
D:8:      layout_cave_pools, chequers_temple_overflow_statue_of_worship,
          lemuel_round_altar, enter_bailey_3, kennysheep_crisscross
D:9:      minmay_the_grid_triangle_9x9_rhombus_full
          [minmay_the_grid_triangle_9x9_checkered,
          minmay_the_grid_triangle_9x9_warning,
          minmay_the_grid_triangle_9x9_limited_checkers,
          minmay_the_grid_triangle_9x9_semitri,
          minmay_the_grid_triangle_9x9_flanged_cone,
          minmay_the_grid_triangle_9x9_minimal,
          minmay_the_grid_triangle_9x9_impossible_snake,
          minmay_the_grid_triangle_9x9_prize_schism], layout_long_grid,
          good_gods_temple_1, hiddenorc1_lemuel, serial_shops,
          kennysheep_little_box, gammafunk_ghost_nasty_kobolds, minivault_25_ag

Skill      XL: |  1  2  3  4  5  6  7  8  9 10 11 |
---------------+----------------------------------+-----
Long Blades    | 2 3 4 5 7 8 9 11 14 | 14.0
Invocations    | 2 7 9 |  9.3
Dodging        | 2 |  2.5
Evocations     | 1 |  1.7
Stealth        | 5 |  5.0
Fighting       | |  3.6

Action                     |  1- 3 |  4- 6 |  7- 9 | 10-12 || total
---------------------------+-------+-------+-------+-------++-------
  Melee: Falchion          |   120 |   189 |   131 |       ||   440
         Tailslap          |     9 |    32 |    42 |    33 ||   116
         Punch             |     2 |     4 |     9 |     4 ||    19
         Scimitar          |       |       |   116 |   180 ||   296
   Fire: Shortbow          |       |       |    24 |    19 ||    43
  Throw: Dart              |       |       |    15 |     2 ||    17
         Throwing net      |       |       |     2 |       ||     2
  Evoke: Wand              |       |     7 |       |       ||     7
    Use: Scroll            |       |     4 |     6 |     6 ||    16
         Potion            |       |     1 |     1 |     2 ||     4
   Stab: Sleeping          |     1 |       |       |       ||     1
         Paralysed         |       |       |    10 |    14 ||    24
 Armour: Leather armour    |     9 |       |       |       ||     9
         Plate armour      |    83 |   104 |   169 |    19 ||   375
         Chain mail        |       |       |       |    53 ||    53
  Dodge: Dodged            |    34 |    20 |    38 |    32 ||   124
  Block: Other             |     2 |    33 |    46 |    32 ||   113

Table legend: (Time is in decaauts)
 A = Elapsed time spent in this place.
 B = Non-inter-level travel time spent in this place.
 C = Inter-level travel time spent in this place.
 D = Time resting spent in this place.
 E = Time spent auto-exploring this place.
 F = Levels seen in this place.
 G = Mean time per level.
                   A        B        C        D        E       F      G
               +--------+--------+--------+--------+--------+-----+--------+
         Total |  10117 |   9573 |    544 |   2091 |   5250 |  10 | 1011.7 |
       Dungeon |   9341 |   8797 |    544 |   1642 |   5135 |   9 | 1037.9 |
        Bailey |    776 |    776 |      0 |    449 |    115 |   1 |  776.0 |
               +--------+--------+--------+--------+--------+-----+--------+

Top non-repeatable levels by time:
     D:6: 1768 daAuts
     D:5: 1299 daAuts
     D:3: 1111 daAuts
     D:2: 1056 daAuts
     D:7: 1028 daAuts
     D:1: 837 daAuts
     D:9: 802 daAuts
  Bailey: 776 daAuts
     D:8: 752 daAuts
     D:4: 686 daAuts
